 Dungeon Sprint DCSS version 0.24-a0-520-g8fd06ad (webtiles) character file.

Game seed: 8678074529213966473

110 silentkaos13 the Ducker (level 4, 0/43 HPs)
             Began as a Gnoll Monk on July 27, 2019.
             Slain by Sigmund
             ... wielding a +0 scythe
              (1 damage)
             ... in the Dungeon (Sprint I: "Red Sonja").
             The game lasted 00:00:28 (209 turns).

silentkaos13 the Ducker (Gnoll Monk)                 Turns: 209, Time: 00:00:28

Health: 0/43       AC:  3    Str: 15    XL:     4   Next: 91%
Magic:  8/8        EV: 16    Int: 12    God:
Gold:   54         SH:  0    Dex: 17    Spells: 9/9 levels left

rFire    . . .     SeeInvis .   a - +0 falchion
rCold    . . .     Gourm    .   (no shield)
rNeg     . . .     Faith    .   l - +0 leather armour
rPois    .         Spirit   .   (no helmet)
rElec    .         Reflect  .   (no cloak)
rCorr    .         Harm     .   (no gloves)
MR       .....     NoTele   +   (no boots)
Stlth    +++.......             (no amulet)
HPRegen  0.14/turn              (no ring)
MPRegen  0.11/turn              (no ring)

@: no status effects
A: distributed training, fangs 1, strong nose
a: no special abilities


You were in the Dungeon.
You were not hungry.

You visited 1 branch You collected 54 gold pieces.

Inventory:

Hand Weapons
 a - a +0 falchion (weapon)
Armour
 b - a +0 robe
 l - a +0 leather armour (worn)
Wands
 j - a wand of digging (6)
Scrolls
 i - a scroll of blinking
Potions
 d - a potion of curing
 e - a potion of heal wounds
 f - a potion of haste
 g - 2 potions of magic
 h - a potion of berserk rage
 k - a potion of brilliance {unknown}
Comestibles
 c - a ration


   Skills:
 + Level 7.2 Fighting
 + Level 3.0 Short Blades
 + Level 7.2 Long Blades
 + Level 3.0 Axes
 + Level 3.0 Maces & Flails
 + Level 3.0 Polearms
 + Level 3.0 Staves
 + Level 3.0 Slings
 + Level 3.0 Bows
 + Level 3.0 Crossbows
 + Level 3.0 Throwing
 + Level 3.0 Armour
 + Level 7.2 Dodging
 + Level 5.2 Stealth
 + Level 3.0 Shields
 + Level 3.0 Unarmed Combat
 + Level 3.0 Spellcasting
 + Level 2.4 Conjurations
 + Level 2.4 Hexes
 + Level 2.4 Charms
 + Level 2.4 Summonings
 + Level 2.4 Necromancy
 + Level 2.4 Translocations
 + Level 2.4 Transmutations
 + Level 2.4 Fire Magic
 + Level 2.4 Ice Magic
 + Level 2.4 Air Magic
 + Level 2.4 Earth Magic
 + Level 2.4 Poison Magic
 + Level 3.3 Invocations
 + Level 3.0 Evocations


You had 9 spell levels left.
You didn't know any spells.
Your spell library was empty.

Dungeon Overview and Level Annotations

Branches:
Dungeon (1/1)

Altars:

Annotations:
D Sigmund


Innate Abilities, Weirdness & Mutations

Your experience applies equally to all skills.
You have very sharp teeth.
Your uncanny sense of smell can sniff out nearby items.


Message History

You hit Sigmund. You bite Sigmund, but do no damage.
Sigmund is heavily wounded.
Sigmund misses you.
You riposte.
You closely miss Sigmund.
Sigmund is heavily wounded.
You hit Sigmund. Your bite misses Sigmund.
Sigmund is heavily wounded.
You barely miss Sigmund.
Sigmund is heavily wounded.
Sigmund whispers, "You'll know eternity soon."
Sigmund mumbles some strange words.
Sigmund flickers and vanishes!
Deactivating autopickup; reactivate with Ctrl-A.
You closely miss something. Something barely misses you.
You hit something but do no damage. Something hits you!
You hit something but do no damage. Your bite misses something.
You completely miss something. Something hits you!
* * * LOW HITPOINT WARNING * * *
You hit something. You closely miss something. Something hits you.
You die...

#############
#<.#..').#..+∆∆
#..'..#..@{.#∆∆
#..#####'####
#..# #..#∆∆∆ ∆
#..# ####∆∆ ∆
#..# #⌠⌠# ####
∆∆ ∆ ∆


There were no monsters in sight!

Vanquished Creatures
  An ogre (D)
  Ijyb (D)
2 creatures vanquished.

Notes
Turn   | Place    | Note
-------+----------+-------------------------------------------
     0 | D        | silentkaos13 the Gnoll Monk began the quest for the Orb.
     0 | D        | Reached XP level 1. HP: 23/23 MP: 1/1
     1 | D        | Noticed Ijyb
    12 | D        | Killed Ijyb
    12 | D        | Reached skill level 1 in Short Blades
    12 | D        | Reached skill level 1 in Axes
    12 | D        | Reached skill level 1 in Maces & Flails
    12 | D        | Reached skill level 1 in Polearms
    12 | D        | Reached skill level 1 in Staves
    12 | D        | Reached skill level 1 in Slings
    12 | D        | Reached skill level 1 in Bows
    12 | D        | Reached skill level 1 in Crossbows
    12 | D        | Reached skill level 1 in Throwing
    12 | D        | Reached skill level 1 in Armour
    12 | D        | Reached skill level 1 in Shields
    12 | D        | Reached skill level 1 in Unarmed Combat
    12 | D        | Reached skill level 1 in Spellcasting
    12 | D        | Reached skill level 1 in Conjurations
    12 | D        | Reached skill level 1 in Hexes
    12 | D        | Reached skill level 1 in Charms
    12 | D        | Reached skill level 1 in Summonings
    12 | D        | Reached skill level 1 in Necromancy
    12 | D        | Reached skill level 1 in Translocations
    12 | D        | Reached skill level 1 in Transmutations
    12 | D        | Reached skill level 1 in Fire Magic
    12 | D        | Reached skill level 1 in Ice Magic
    12 | D        | Reached skill level 1 in Air Magic
    12 | D        | Reached skill level 1 in Earth Magic
    12 | D        | Reached skill level 1 in Poison Magic
    12 | D        | Reached skill level 1 in Invocations
    12 | D        | Reached skill level 1 in Evocations
    12 | D        | Reached XP level 2. HP: 24/29 MP: 1/4
    12 | D        | Reached XP level 3. HP: 30/35 MP: 1/5
    58 | D        | Noticed an ogre
    64 | D        | Killed an ogre
    64 | D        | Reached skill level 5 in Stealth
    64 | D        | Reached XP level 4. HP: 25/43 MP: 5/8
   191 | D        | Noticed Sigmund
   207 | D        | HP: 1/43 [something (13)]
   209 | D        | Slain by Sigmund

Levels and vault maps discovered:
D:        dungeon_sprint_1 [red_sonja_temple_1, red_sonja_temple_small_1]

Skill      XL: |  1  2  3 |
---------------+----------+-----
Short Blades   | 1 3 |  3.0
Axes           | 1 3 |  3.0
Maces & Flails | 1 3 |  3.0
Polearms       | 1 3 |  3.0
Staves         | 1 3 |  3.0
Slings         | 1 3 |  3.0
Bows           | 1 3 |  3.0
Crossbows      | 1 3 |  3.0
Throwing       | 1 3 |  3.0
Armour         | 1 3 |  3.0
Shields        | 1 3 |  3.0
Unarmed Combat | 1 3 |  3.0
Spellcasting   | 1 3 |  3.0
Conjurations   | 1 2 |  2.4
Hexes          | 1 2 |  2.4
Charms         | 1 2 |  2.4
Summonings     | 1 2 |  2.4
Necromancy     | 1 2 |  2.4
Translocations | 1 2 |  2.4
Transmutations | 1 2 |  2.4
Fire Magic     | 1 2 |  2.4
Ice Magic      | 1 2 |  2.4
Air Magic      | 1 2 |  2.4
Earth Magic    | 1 2 |  2.4
Poison Magic   | 1 2 |  2.4
Invocations    | 1 3 |  3.3
Evocations     | 1 3 |  3.0
Fighting       | 7 |  7.2
Long Blades    | 7 |  7.2
Dodging        | 7 |  7.2
Stealth        | 5 |  5.2

Action                   |  1- 3 |  4- 6 || total
-------------------------+-------+-------++-------
Melee: Falchion          |    15 |    17 ||    32
       Bite              |     1 |     2 ||     3
Armor: Robe              |     1 |       ||     1
Dodge: Dodged            |     8 |     5 ||    13
       Rpst.: Falchion   |     2 |     2 ||     4

Table legend:
 A = Non-vault XP
 B = Vault XP
 C = Vault XP percentage of total XP
 D = Non-vault monster count
 E = Vault monster count
 F = Vault count percentage of total count
                 A         B        C        D         E       F
            +---------+---------+-------+---------+---------+-------
      Total |       0 |     158 | 100.0 |       0 |       2 | 100.0
            +---------+---------+-------+---------+---------+-------
          D |       0 |     158 | 100.0 |       0 |       2 | 100.0
            +---------+---------+-------+---------+---------+-------
